 Dungeon Crawl Stone Soup version 0.29.1-13-g9f3cf754e1 (webtiles) character file.

Game seed: 10908009954295200564

153185 redcrux the Severer (level 17, -6/162 HPs)
             Began as a Minotaur Fighter on Jan 26, 2023.
             Was a High Priest of Okawaru.
             Killed from afar by Nikola (88 damage)
             ... with an arc of chain lightning
             ... on level 1 of the Snake Pit.
             The game lasted 03:06:37 (30623 turns).

redcrux the Severer (Minotaur Fighter)             Turns: 30623, Time: 03:06:37

Health: -6/162     AC: 43    Str: 28    XL:     17   Next: 4%
Magic:  17/19      EV: 16    Int:  5    God:    Okawaru [*****.]
Gold:   678        SH: 16    Dex: 17    Spells: 16/16 levels left

rFire   . . .      SeeInvis +   Z - +9 broad axe "Sidof" {vorpal, Fragile rN+ SInv}
rCold   + + .      Faith    .   b - +2 buckler {rC+ rF+}
rNeg    + . .      Spirit   .   R - +8 plate armour {rC+}
rPois   +          Reflect  +   q - +3 hat of Duph {rF- Will+ Dex+6}
rElec   .          Harm     .   h - +2 cloak {rPois}
rCorr   .          Rampage  .   B - +2 pair of gloves
Will    ++...                   f - +2 pair of boots of Omoj {Fly rPois}
Stlth   ..........              Y - amulet of reflection
HPRegen 0.37/turn               o - +4 ring of slaying
MPRegen 0.16/turn               K - ring of poison resistance

@: heroic, flying
A: horns 2, retaliatory headbutt
a: Renounce Religion, Heroism, Finesse, Duel


You were on level 1 of the Snake Pit.
You worshipped Okawaru.
Okawaru was extremely pleased with you.
You visited 5 branches of the dungeon, and saw 24 of its levels.
You also visited: Bailey.

You collected 2695 gold pieces.
You spent 2017 gold pieces at shops.

Inventory:

Hand Weapons
 Z - the +9 broad axe "Sidof" (weapon) {vorpal, Fragile rN+ SInv}
   (Okawaru gifted it to you on level 1 of the Lair of Beasts)

   It inflicts extra damage upon your enemies.
   rN:        It protects you from negative energy.
   SInv:      It lets you see invisible.
   Fragile:   It will be destroyed if unequipped.
Missiles
 a - 4 throwing nets
 p - 29 poisoned darts (quivered)
 x - 2 silver javelins
 A - 3 boomerangs of dispersal
 G - a silver boomerang
 M - 14 boomerangs
Armour
 b - a +2 buckler of resistance (worn)
 f - the +2 pair of boots of Omoj (worn) {Fly rPois}
   (Okawaru gifted it to you on level 15 of the Dungeon)

   rPois:     It protects you from poison.
   Fly:       It grants you flight.
 h - a +2 cloak of poison resistance (worn)
 q - the +3 hat of Duph (worn) {rF- Will+ Dex+6}
   (Okawaru gifted it to you on level 2 of the Orcish Mines)

   Dex:       It affects your dexterity (+6).
   rF:        It makes you vulnerable to fire.
   Will:      It increases your willpower.
 B - a +2 pair of gloves (worn)
 R - a +8 plate armour of cold resistance (worn)
Jewellery
 e - a ring of positive energy
 o - a +4 ring of slaying (left hand)
 s - a +4 ring of slaying
 t - a ring of resist corrosion
 F - a ring of protection from fire
 K - a ring of poison resistance (right hand)
 L - a ring of poison resistance
 W - a ring of willpower
 X - a ring of willpower
 Y - an amulet of reflection (around neck)
Scrolls
 g - 7 scrolls of immolation
 i - 2 scrolls of magic mapping
 J - a scroll of blinking
 N - 9 scrolls of teleportation
 T - 2 scrolls of enchant armour
Potions
 d - 4 potions of might
 j - 2 potions of cancellation
 m - 6 potions of heal wounds
 r - 4 potions of mutation
 v - 9 potions of curing
 z - 5 potions of magic
 C - 2 potions of berserk rage
 D - 2 potions of resistance
 E - 4 potions of flight
 H - 4 potions of invisibility
 P - 3 potions of lignification
 V - a potion of haste
Miscellaneous
 S - a tin of tremorstones (2/2)


   Skills:
 + Level 17.6(22.6) Fighting
 - Level 18.0(23.0) Axes
 + Level 3.5(8.5) Throwing
 + Level 17.4(22.4) Armour
 + Level 8.9(13.9) Dodging
 - Level 15.0(20.0) Shields
 - Level 5.0 Invocations


You had 16 spell levels left.
You didn't know any spells.
Your spell library contained the following spells:

 Spells                   Type           Power      Damage    Failure   Level
 Foxfire                  Conj/Fire      0%         2x1d4     91%         1
 Sting                    Tmut/Pois      0%         1d3       91%         1
 Ensorcelled Hibernation  Hex/Ice        0%         N/A       97%         2
 Poisonous Vapours        Pois/Air       0%         N/A       97%         2
 Scorch                   Fire           0%         2d5       97%         2
 Sublimation of Blood     Necr           0%         N/A       97%         2
 Wereblood                Tmut           0%         N/A       97%         2
 Conjure Flame            Conj/Fire      0%         6-21      100%        3
 Frozen Ramparts          Ice            0%         1d1       100%        3
 Inner Flame              Hex/Fire       0%         N/A       100%        3
 Ozocubu's Armour         Ice            0%         N/A       100%        3
 Teleport Other           Tloc           0%         N/A       100%        3
 Anguish                  Hex/Necr       0%         N/A       100%        4
 Flame Wave               Conj/Fire      0%         2d4       100%        4
 Hailstorm                Conj/Ice       0%         3d3       100%        4
 Ice Form                 Ice/Tmut       0%         N/A       100%        4
 Olgreb's Toxic Radiance  Pois           0%         N/A       100%        4
 Passage of Golubria      Tloc           0%         N/A       100%        4
 Alistair's Intoxication  Tmut/Pois      0%         N/A       100%        5
 Blade Hands              Tmut           0%         N/A       100%        5
 Borgnjor's Vile Clutch   Necr/Erth      0%         N/A       100%        5
 Freezing Cloud           Conj/Ice/Air   0%         6-21      100%        5
 Irradiate                Conj/Tmut      0%         3d11      100%        5
 Iskenderun's Battlesphe  Conj           0%         2d6       100%        5
 Metabolic Englaciation   Hex/Ice        0%         N/A       100%        5
 Silence                  Hex/Air        0%         N/A       100%        5
 Yara's Violent Unravell  Hex/Tmut       0%         3d3       100%        5
 Eringya's Noxious Bog    Tmut/Pois      0%         N/A       100%        6
 Iron Shot                Conj/Erth      0%         9d1       100%        6
 Dragon Form              Tmut           0%         N/A       100%        7
 Lehudib's Crystal Spear  Conj/Erth      0%         10d2      100%        8
 Tukima's Dance           Hex            Unusable   N/A       N/A         3
 Summon Ice Beast         Ice/Summ       Unusable   N/A       N/A         4
 Death Channel            Necr           Unusable   N/A       N/A         6
 Simulacrum               Ice/Necr       Unusable   N/A       N/A         6
 Summon Cactus Giant      Summ           Unusable   N/A       N/A         6
 Spellforged Servitor     Conj/Summ      Unusable   N/A       N/A         7
 Summon Hydra             Summ           Unusable   N/A       N/A         7

Dungeon Overview and Level Annotations

Branches:
Dungeon (15/15)            Temple (1/1) D:4            Lair (5/5) D:8
 Shoals (0/4) Lair:2        Snake (1/4) Lair:2        Slime (0/5) Lair:5
    Orc (2/2) D:10            Elf (0/3) Orc:2        Vaults (0/5) D:13
 Depths (0/4) D:15         Bailey (visited)

Altars:
Ashenzari
Cheibriados
Dithmenos
Elyvilon
Fedhas
Gozag
Hepliaklqana
Kikubaaqudgha
Makhleb
Nemelex Xobeh
Okawaru
Qazlal
Ru
Sif Muna
Trog
Uskayaw
Vehumet
Wu Jian
Xom
Yredelemnul
Zin
The Shining One
Jiyva

Shops:
D:9 ?*   D:12 =   Orc:2 *![?(

Portals:
Abyss: D:4
Trove: D:15 (give 12 potions of heal wounds)

Annotations:
D:9 2 transporters, cheesebisquit's ghost, novice MiHu
Snake:1 Nikola


Innate Abilities, Weirdness & Mutations

You have a pair of horns on your head.
You reflexively headbutt those who attack you in melee.


Message History

Lightning arcs from Nikola's hands!
The bolt of lightning hits the black mamba!!!!
The black mamba dies!
A bolt of lightning appears from out of thin air!
The bolt of lightning hits Nikola!
The bolt of lightning hits you!! You block the anaconda's attack.
The anaconda constricts you.
You hear a shout! x3; You hear an angry hiss.
You slice the anaconda!!
You headbutt the anaconda, but do no damage.
The anaconda is moderately wounded.
The anaconda barely misses you. The anaconda constricts you.
You miss the anaconda.
The anaconda is moderately wounded.
You block the anaconda's attack. The anaconda constricts you.
You slice the anaconda like a ripe choko!!!
You kill the anaconda!
Okawaru accepts your kill.
A shock serpent comes into view.
Nikola hits you but does no damage.
You slash Nikola! Your headbutt misses Nikola.
Nikola is lightly wounded.
A naga sharpshooter comes into view. It is wielding a +0 war axe.
You slash Nikola! You headbutt Nikola!!
Nikola is moderately wounded.
Nikola hits you but does no damage.
You hit Nikola. Your headbutt misses Nikola.
Nikola is moderately wounded.
Nikola mumbles some strange words.
Lightning arcs from Nikola's hands!
The bolt of lightning hits you!!!
A bolt of lightning appears from out of thin air!
The bolt of lightning hits Nikola!
The bolt of lightning hits the shock serpent!
The shock serpent resists.
The shock serpent's electric aura discharges, shocking Nikola!
You hear an angry hiss. x3
You gain the combat prowess of a mighty hero.
Nikola casts a spell.
Lightning arcs from Nikola's hands!
The bolt of lightning hits you!!!!
Ouch! That really hurt!
You die...

....... .......
....... ##
....... ..#
....S.. #N#
....... #.#
......@#.#
#...#@# ..
#.†.##
.....##..##
..##.#....##
#.#......##
##.........#
#..........#
##.........#
#..........####


You could see Nikola, a naga sharpshooter and a shock serpent.

Vanquished Creatures
  Rupert (Orc:2)
  Gastronok (D:11)
  Kirke (Lair:3)
  The ghost of ThatPearl the Fighter, a journeyman DsBe of Trog (Orc:2)
  The ghost of Xyoprad the Blocker, a journeyman FoFi of Ashenzari (D:13)
  Nessos (D:15)
  An ettin (Orc:2)
  Josephine (Lair:3)
  2 vault guards (D:13)
  5 hydras
  3 catoblepae
  2 ice dragons (D:15)
  Harold (Lair:1)
  A boulder beetle (D:14)
  2 centaur warriors
  An ogre mage (D:15)
  A death knight (D:15)
  6 two-headed ogres
  An anaconda (Snake:1)
  4 death yaks (Lair:2)
  3 tengu warriors
  Amaemon (Lair:3)
  2 deep elf knights (D:14)
  2 skeletal warriors
  2 deep elf archers (D:14)
  Pikel (D:6)
  3 orc knights (Orc:2)
  7 deep elf pyromancers
  9 deep elf zephyrmancers (D:14)
  3 phantasmal warriors (D:15)
  An orc sorcerer (Orc:1)
  2 wolf spiders (Lair:5)
  A wolf spider zombie (D:13)
  A toenail golem (D:4)
  11 ugly things
  4 manticores
  Joseph (D:7)
  3 cyclopes
  A spectral centaur (D:13)
  11 black mambas
  8 elephants
  A guardian serpent (Lair:5)
  2 merfolk sirens (Lair:2)
  6 orange demons
  7 cane toads
  2 gargoyles
  2 rime drakes (Lair:5)
  3 unseen horrors
  A kobold demonologist (D:12)
  A freezing wraith (D:15)
  13 komodo dragons
  2 tengu conjurers (D:15)
  10 polar bears (Lair:5)
  2 guardian mummies (D:15)
  2 merfolk (Lair:2)
  2 red devils (D:13)
  3 meliai (D:15)
  4 trolls
  12 blink frogs (Lair:3)
  3 raiju (Lair:5)
  9 dream sheep (Lair:5)
  4 hornets
  Grinder (D:4)
  10 slime creatures
  17 flying skulls (D:12)
  4 centaur simulacra (D:13)
  7 wraiths
  2 shadows
  3 vampires
  45 yaks
  4 hogs (Lair:3)
  14 wyverns
  11 humans
  4 basilisks
  A redback (Lair:5)
  7 vampire mosquitoes
  Menkaure (D:5)
  6 wargs (Lair:5)
  4 nagas (Lair:2)
  A small abomination (D:4)
  19 water moccasins
  4 acid dragons
  12 hell hounds (Lair:5)
  34 orc warriors
  An ice beast (D:5)
  13 black bears
  2 sky beasts
  11 centaurs (Orc:2)
  4 ogres
  26 wolves
  The ghost of qwertyone the Conjurer, an amateur DrCj (D:4)
  A phantom (D:6)
  A lemure (D:6)
  3 kobold brigands
  11 bullfrogs
  7 necrophages
  2 scorpions (D:5)
  A gnoll sergeant (D:12)
  A hornet simulacrum (D:13)
  10 wights
  An electric eel (Lair:2)
  5 howler monkeys
  2 crimson imps (D:4)
  6 jellies
  17 orc priests
  A spectral boggart (D:13)
  2 hounds
  3 iguanas
  Jessica (D:3)
  Terence (D:2)
  Natasha (twice) (D:3)
  23 orc wizards
  A boggart simulacrum (D:13)
  Robin (D:2)
  8 adders
  12 gnolls
  4 river rats (D:6)
  4 shadow imps
  A white imp (D:6)
  2 worms
  3 dart slugs
  108 orcs
  6 ball pythons
  7 bats
  10 endoplasms
  A giant cockroach (D:1)
  16 goblins
  9 hobgoblins
  16 kobolds
  2 frilled lizards (D:1)
  10 rats
796 creatures vanquished.

Vanquished Creatures (others)
  A deep elf pyromancer (D:14)
  A black mamba (Snake:1)
  A human (D:13)
  29 fungi
  86 plants
118 creatures vanquished.

Grand Total: 914 creatures vanquished

Notes
Turn   | Place    | Note
-------+----------+-------------------------------------------
     0 | D:1      | redcrux the Minotaur Fighter began the quest for the Orb.
     0 | D:1      | Reached XP level 1. HP: 19/19 MP: 0/0
   337 | D:1      | Reached XP level 2. HP: 24/27 MP: 1/1
   372 | D:1      | Found a faded altar of an unknown god.
   810 | D:1      | Reached skill level 3 in Axes
  1058 | D:2      | Reached XP level 3. HP: 30/33 MP: 2/2
  1128 | D:2      | Noticed Robin
  1147 | D:2      | Killed Robin
  1249 | D:2      | Noticed Terence
  1258 | D:2      | Killed Terence
  1259 | D:2      | Reached XP level 4. HP: 40/40 MP: 3/3
  2141 | D:3      | Reached skill level 4 in Axes
  2231 | D:3      | Noticed Jessica
  2433 | D:3      | Killed Jessica
  2434 | D:3      | Reached XP level 5. HP: 47/47 MP: 4/4
  2690 | D:3      | Got Isiylun's Parchment of Transposition
  2693 | D:3      | Noticed Natasha
  2694 | D:3      | Killed Natasha
  2962 | D:3      | Noticed Natasha
  2969 | D:3      | Killed Natasha
  2975 | D:3      | Reached skill level 5 in Axes
  2975 | D:3      | Reached XP level 6. HP: 52/55 MP: 5/5
  2988 | D:3      | Found a glowing golden altar of the Shining One.
  3023 | D:3      | Reached skill level 5 in Fighting
  3121 | D:4      | Found a staircase to the Ecumenical Temple.
  3122 | D:4      | Noticed Grinder
  3129 | D:4      | Killed Grinder
  3130 | D:4      | Reached skill level 5 in Armour
  3130 | D:4      | Reached skill level 5 in Shields
  3145 | Temple   | Entered the Ecumenical Temple
  3342 | D:4      | Found a transporter.
  3346 | D:4      | Noticed qwertyone's ghost (amateur DrCj)
  3350 | D:4      | Noticed a toenail golem
  3418 | D:4      | Found a transporter.
  3433 | D:4      | Found a one-way gate to the infinite horrors of the Abyss.
  3466 | D:4      | Noticed a small abomination
  3512 | D:4      | Reached XP level 7. HP: 60/61 MP: 6/6
  3728 | D:4      | Found a shimmering blue altar of Sif Muna.
  3844 | D:4      | Reached skill level 6 in Axes
  4233 | D:4      | Killed a toenail golem
  4234 | D:4      | Reached skill level 7 in Axes
  4234 | D:4      | Reached XP level 8. HP: 31/70 MP: 7/7
  4236 | D:4      | Killed qwertyone's ghost
  4555 | D:5      | Entered Level 5 of the Dungeon
  4558 | D:5      | Reached skill level 8 in Axes
  4652 | D:5      | Found a glowing silver altar of Zin.
  5114 | D:5      | Found an iron altar of Okawaru.
  5121 | D:5      | Became a worshipper of Warmaster Okawaru
  5146 | D:5      | Found a basalt altar of Yredelemnul.
  5147 | D:5      | Found an ancient bone altar of Kikubaaqudgha.
  5148 | D:5      | Noticed Menkaure
  5162 | D:5      | Found a transporter.
  5164 | D:5      | Found a transporter.
  5700 | D:6      | Reached skill level 9 in Axes
  5749 | D:6      | Noticed Pikel
  5771 | D:6      | Killed Pikel
  5771 | D:6      | Reached * piety under Okawaru
  5772 | D:6      | Reached XP level 9. HP: 72/80 MP: 8/8
  6499 | D:6      | Reached skill level 10 in Axes
  6909 | D:7      | Found an opulent altar of Gozag.
  6910 | D:7      | Found a flagged portal.
  6921 | Bailey   | Entered a bailey
  6997 | Bailey   | Noticed an orc knight
  7549 | D:7      | Noticed Joseph
  7559 | D:7      | Killed Joseph
  7559 | D:7      | Reached ** piety under Okawaru
  7843 | D:7      | You fall into a shaft and drop 1 floor!
  8134 | D:7      | Found an ornate altar of the Wu Jian Council.
  8364 | D:5      | Reached skill level 11 in Axes
  8364 | D:5      | Killed Menkaure
  8365 | D:5      | Reached XP level 10. HP: 41/90 MP: 6/9
  8896 | D:8      | Noticed a manticore
  8897 | D:8      | Noticed a centaur warrior
  8900 | D:8      | Noticed a two-headed ogre
  8912 | D:8      | Found a staircase to the Lair.
  9456 | D:8      | Reached *** piety under Okawaru
  9525 | D:8      | Killed a centaur warrior
  9526 | D:8      | Reached skill level 12 in Axes
  9648 | D:8      | Reached **** piety under Okawaru
  9767 | D:8      | Found a radiant altar of Vehumet.
  9785 | D:8      | Killed a two-headed ogre
  9875 | D:8      | Killed a manticore
 10570 | D:9      | Noticed a tengu warrior
 10575 | D:9      | Found a bloodstained altar of Trog.
 10576 | D:9      | Noticed cheesebisquit's ghost (novice MiHu)
 10576 | D:9      | Noticed a moth of wrath
 10581 | D:9      | Found a transporter.
 10807 | D:9      | Found Pefafelo's Magic Scroll Shoppe.
 10826 | D:9      | Bought a scroll of teleportation for 39 gold pieces
 10826 | D:9      | Bought a scroll of identify for 26 gold pieces
 10826 | D:9      | Bought a scroll of identify for 26 gold pieces
 10826 | D:9      | Bought a scroll of brand weapon for 123 gold pieces
 10826 | D:9      | Bought a scroll of identify for 26 gold pieces
 10879 | D:9      | Reached XP level 11. HP: 99/99 MP: 10/10
 10883 | D:9      | Reached ***** piety under Okawaru
 10889 | D:9      | Reached skill level 10 in Fighting
 10889 | D:9      | Reached skill level 13 in Axes
 10896 | D:9      | Reached skill level 10 in Shields
 10961 | D:9      | Found a stormy altar of Qazlal.
 10977 | D:9      | Reached skill level 10 in Armour
 11288 | D:9      | Found Qostryt's Assorted Antiques.
 11322 | D:9      | Found a transporter.
 11404 | D:9      | Found a broken altar of Ashenzari.
 11408 | D:9      | Saw a vision of the Shoals and the Snake Pit.
 11408 | D:9      | Noticed a merfolk aquamancer
 11408 | D:9      | Noticed a merfolk aquamancer
 11408 | D:9      | Noticed a naga sharpshooter
 11409 | D:9      | Noticed an anaconda
 11703 | D:10     | Entered Level 10 of the Dungeon
 12395 | D:10     | Found a staircase to the Orcish Mines.
 12517 | D:10     | Reached skill level 14 in Axes
 12554 | D:10     | Identified the +1 robe of Fabulous Contentment {*Corrode
                  | Fly Dex+2}
 12682 | D:10     | Reached ****** piety under Okawaru
 12909 | D:10     | Found a white marble altar of Elyvilon.
 13246 | D:10     | Found a shimmering altar of Xom.
 13253 | D:10     | Found a bloodstained altar of Trog.
 13254 | D:10     | Found a shadowy altar of Dithmenos.
 13471 | Lair:1   | Entered Level 1 of the Lair of Beasts
 13524 | Lair:1   | Identified the +9 broad axe "Sidof" {vorpal, Fragile rN+
                  | SInv} (Okawaru gifted it to you on level 1 of the Lair of
                  | Beasts)
 13524 | Lair:1   | Received a gift from Okawaru
 13806 | Lair:1   | Noticed Harold
 13818 | Lair:1   | Killed Harold
 14699 | Lair:2   | Reached XP level 12. HP: 79/110 MP: 11/11
 14703 | Lair:2   | Found a staircase to the Shoals.
 15105 | Lair:2   | Noticed a death yak
 15105 | Lair:2   | Noticed a death yak
 15115 | Lair:2   | Killed a death yak
 15116 | Lair:2   | Reached skill level 15 in Axes
 15116 | Lair:2   | Noticed a death yak
 15116 | Lair:2   | Noticed a death yak
 15122 | Lair:2   | Killed a death yak
 15124 | Lair:2   | Killed a death yak
 15124 | Lair:2   | Identified the +5 ring mail of the Planets {rElec Int-3
                  | Dex+5} (Okawaru gifted it to you on level 2 of the Lair of
                  | Beasts)
 15124 | Lair:2   | Received a gift from Okawaru
 15130 | Lair:2   | Killed a death yak
 15242 | Lair:2   | Found a staircase to the Snake Pit.
 15451 | Lair:2   | Identified the +1 ring mail of Follow the Leader {Fly rF+
                  | Will+ Str-2}
 15897 | Lair:3   | Noticed Amaemon
 15924 | Lair:3   | Killed Amaemon
 16082 | Lair:3   | Reached skill level 16 in Axes
 16236 | Lair:3   | Noticed Josephine
 16247 | Lair:3   | Killed Josephine
 16542 | Lair:3   | Noticed Kirke
 16553 | Lair:3   | Killed Kirke
 16554 | Lair:3   | Reached XP level 13. HP: 119/119 MP: 9/12
 17225 | Lair:4   | Reached skill level 17 in Axes
 17232 | Lair:4   | Received a gift from Okawaru
 18106 | Lair:5   | Entered Level 5 of the Lair of Beasts
 18464 | Lair:5   | Received a gift from Okawaru
 19197 | Lair:5   | Reached skill level 18 in Axes
 19385 | Lair:5   | Identified the +6 great mace of Paper {venom, Fly} (Okawaru
                  | gifted it to you on level 5 of the Lair of Beasts)
 19385 | Lair:5   | Received a gift from Okawaru
 19510 | Lair:5   | Reached XP level 14. HP: 72/130 MP: 10/13
 20321 | Lair:5   | Found a staircase to the Slime Pits.
 20321 | Lair:5   | Found a viscous altar of Jiyva.
 21039 | Lair:5   | Received a gift from Okawaru
 21432 | Orc:1    | Entered Level 1 of the Orcish Mines
 21467 | Orc:1    | Found a burning altar of Makhleb.
 22225 | Orc:2    | Entered Level 2 of the Orcish Mines
 22225 | Orc:2    | Found Yfuj's General Store.
 22294 | Orc:2    | Found a staircase to the Elven Halls.
 22449 | Orc:2    | Reached skill level 1 in Invocations
 22928 | Orc:2    | Found a transporter.
 22934 | Orc:2    | Noticed Rupert
 22935 | Orc:2    | Paralysed by Rupert for 2 turns
 22950 | Orc:2    | Killed Rupert
 22951 | Orc:2    | Reached skill level 15 in Fighting
 22951 | Orc:2    | Reached skill level 15 in Shields
 22957 | Orc:2    | Noticed ThatPearl's ghost (journeyman DsBe)
 22958 | Orc:2    | Found a transporter.
 22958 | Orc:2    | Identified the +3 great mace "Wupetoz" {flame, Int+2 Dex+3}
 22958 | Orc:2    | Identified the +8 giant spiked club of Blood-Lust {vorpal,
                  | rCorr}
 23219 | Orc:2    | Found Zosyell's Antique Armour Shoppe.
 23219 | Orc:2    | Found Gufiss Gida's Magic Scroll Boutique.
 23221 | Orc:2    | Found Jomem's Antique Weapon Shop.
 23223 | Orc:2    | Found Mahacun's Distillery.
 23241 | Orc:2    | Bought a runed plate armour for 650 gold pieces
 23241 | Orc:2    | Bought a runed cloak for 187 gold pieces
 23260 | Orc:2    | Bought a polished scale mail for 225 gold pieces
 23260 | Orc:2    | Identified the +1 scale mail "Zofeinn" {Str+5} (You bought
                  | it in a shop on level 2 of the Orcish Mines)
 23266 | Orc:2    | Bought a scroll of teleportation for 30 gold pieces
 23266 | Orc:2    | Bought a scroll of blinking for 75 gold pieces
 23266 | Orc:2    | Bought a scroll of identify for 20 gold pieces
 23266 | Orc:2    | Bought a scroll of identify for 20 gold pieces
 23266 | Orc:2    | Bought a scroll of enchant armour for 75 gold pieces
 23266 | Orc:2    | Bought a scroll of enchant armour for 75 gold pieces
 23266 | Orc:2    | Bought a scroll of identify for 20 gold pieces
 23281 | Orc:2    | Bought 2 potions of heal wounds for 160 gold pieces
 23779 | Orc:2    | Identified the +3 hat of Duph {rF- Will+ Dex+6} (Okawaru
                  | gifted it to you on level 2 of the Orcish Mines)
 23779 | Orc:2    | Received a gift from Okawaru
 23780 | Orc:2    | Reached skill level 15 in Armour
 23780 | Orc:2    | Reached skill level 1 in Dodging
 23787 | Orc:2    | Killed ThatPearl's ghost
 23804 | Orc:2    | Got the Catalogue of the Assassin and Rime
 24398 | D:11     | Noticed Gastronok
 24407 | D:11     | Killed Gastronok
 25252 | D:12     | Reached XP level 15. HP: 138/141 MP: 16/16
 25281 | D:12     | Reached skill level 5 in Dodging
 25320 | D:12     | Found the +3 giant club "Skullcrusher" {speed, Str+7}
 25452 | D:12     | Found Huaptusa's Jewellery Shop.
 25713 | D:13     | Found a runed translucent gate.
 25714 | D:13     | Found a runed translucent gate.
 25715 | D:13     | Found a runed translucent gate.
 25717 | D:13     | Noticed Xyoprad's ghost (journeyman FoFi)
 26429 | D:13     | Identified the +0 pair of gloves of the Untouchables {rPois
                  | rF- rC+ Int+2} (Okawaru gifted it to you on level 13 of the
                  | Dungeon)
 26429 | D:13     | Received a gift from Okawaru
 26468 | D:13     | Found a gate to the Vaults.
 26721 | D:13     | Killed Xyoprad's ghost
 26722 | D:13     | Reached skill level 5 in Invocations
 26758 | D:13     | Got the Collected Works on Snow and Impurities
 28154 | D:14     | Identified the +0 helmet "Zotodoce" {rCorr Str+9 Int-5
                  | Dex-5}
 28203 | D:14     | Got the Papyrus of Iniquitous Magic
 28449 | D:14     | Reached XP level 16. HP: 155/155 MP: 18/18
 28800 | D:15     | Entered Level 15 of the Dungeon
 28845 | D:15     | Reached skill level 1 in Throwing
 28867 | D:15     | Identified the +2 pair of boots of Omoj {Fly rPois}
                  | (Okawaru gifted it to you on level 15 of the Dungeon)
 28867 | D:15     | Received a gift from Okawaru
 29035 | D:15     | Found a portal to a secret trove of treasure.
 29269 | Orc:2    | Bought a potion of heal wounds for 80 gold pieces
 29269 | Orc:2    | Bought 2 potions of heal wounds for 160 gold pieces
 29702 | D:15     | Identified the +4 robe of Dug Xefi {+Inv rN+ Str-4 Int+4}
 29915 | D:15     | Noticed Nessos
 29920 | D:15     | Killed Nessos
 30026 | D:15     | Found a staircase to the Depths.
 30102 | D:15     | Found a sparkling altar of Nemelex Xobeh.
 30165 | D:15     | Reached XP level 17. HP: 162/162 MP: 17/19
 30544 | Snake:1  | Entered Level 1 of the Snake Pit
 30613 | Snake:1  | Noticed Nikola
 30623 | Snake:1  | Killed from afar by Nikola

Illustrated notes

Levels and vault maps discovered:
D:1:      dpeg_arrival_three_same_balls, layout_rooms,
          ebering_ecumenical_altar_box, serial_bayou, serial_bayou_ford_a,
          serial_bayou_shore_a, serial_bayou_pond_d, serial_bayou_shore_b,
          minmay_misc_feat_iff
D:2:      layout_basic, uniq_terence, uniq_robin
D:3:      layout_basic, tso_oasis_becter, uniq_jessica, uniq_natasha
D:4:      layout_basic, mainiacjoe_overflow_small_starburst,
          minmay_temple_entry_statues_fountains, gammafunk_ghost_abyssal_escape,
          uniq_grinder
D:5:      layout_basic, okawaru_ov_weapons_minmay, lemuel_crystal_altar,
          gammafunk_temple_of_torment
D:6:      layout_layer_cave, portal_sewer_entry_e, uniq_pikel
D:7:      layout_loops_corners, nicolae_gozag_seed_capital,
          nzn_wu_jian_council_hall, enter_bailey_3, uniq_joseph
D:8:      nzn_winding_woodlands_small [nzn_winding_woodlands_5x15_twine,
          nzn_winding_woodlands_center_garden,
          nzn_winding_woodlands_5x15_default], layout_rooms, lemuel_tele_altar,
          david_lair_shrubbed
D:9:      layout_long_grid, mainiacjoe_overflow_surrounded_room,
          grunt_ashenzari_visionary [grunt_ashenzari_visionary_shoals,
          grunt_ashenzari_visionary_snake], serial_shops,
          nicolae_shop_overgrown_old_shop, shop,
          gammafunk_ghost_wrathful_warriors
D:10:     layout_small_grid, mainiacjoe_overflow_cross_hatched, minitemple,
          hiddenorc1_lemuel, minmay_misc_feat_encased
D:11:     layout_roguey, minivault_22, uniq_gastronok
D:12:     layout_rooms, serial_shops, nicolae_shop_hallway_stairs,
          minmay_guarded_unrand_skullcrusher
D:13:     layout_gridville, ximxim_vaults_locker_room,
          gammafunk_ghost_necromancy, minmay_beelzebubs_servants
D:14:     minmay_elf_outpost, layout_long_grid
D:15:     grunt_enter_depths_hoard, layout_gridville,
          nemelex_spade_bored_becter, nicolae_trove_entry_path_of_doom,
          uniq_nessos
Temple:   nicolae_temple_great_sept
Lair:1:   layout_regular_city, uniq_harold
Lair:2:   layout_regular_city, elwin_shoals_entry_stream,
          guppyfry_snake_entry_island, serial_bayou_lake_a
Lair:3:   layout_cave_pods, roderic_carrion_pond, serial_bayou_shore_b,
          uniq_amaemon, uniq_josephine, uniq_kirke
Lair:4:   layout_cellular_growth, grunt_megastairs_5, lemuel_fruit_tree,
          infiniplex_staircase_pool_2
Lair:5:   hangedman_lair_caniforms_friends, layout_layer_cave,
          hangedman_lair_tendril_chambers, nicolae_slime_entry_slimehenge
Snake:1:  layout_chambers, uniq_nikola
Orc:1:    layout_caves, basic_altar, nicolae_orc_bridge_out, mines1_david
Orc:2:    st_orc_rangers, layout_caves, serial_shops,
          nicolae_shop_hallway_stairs, gammafunk_ghost_smash, uniq_rupert

Skill      XL: |  1  2  3  4  5  6  7  8  9 10 11 12 13 14 15 16 |
---------------+-------------------------------------------------+-----
Armour         | 4 5 6 7 8 9 11 12 13 15 16 17 | 17.4
Fighting       | 4 5 6 7 8 9 11 12 13 15 17 | 17.6
Axes           | 3 4 5 7 9 11 12 14 16 18 | 18.0
Shields        | 4 5 6 7 8 9 11 12 13 15 | 15.0
Invocations    | 3 5 |  5.0
Dodging        | 4 7 8 |  8.9
Throwing       | 3 |  3.5

Action                   |  1- 3 |  4- 6 |  7- 9 | 10-12 | 13-15 | 16-18 || total
-------------------------+-------+-------+-------+-------+-------+-------++-------
Melee: War axe           |    89 |    79 |   225 |   302 |       |       ||   695
       Headbutt          |     9 |    11 |    50 |   112 |   191 |    37 ||   410
       Broad axe         |       |       |       |   188 |   833 |   116 ||  1137
Throw: Stone             |       |     1 |       |       |       |       ||     1
       Dart              |       |       |     2 |    11 |    16 |     2 ||    31
       Boomerang         |       |       |       |       |     8 |       ||     8
Invok: Heroism           |       |       |     2 |    13 |    18 |     7 ||    40
       Finesse           |       |       |       |     1 |     5 |     2 ||     8
Evoke: Lightning rod     |       |       |       |       |     4 |       ||     4
       Tin of tremorston |       |       |       |       |     1 |       ||     1
  Use: Scroll            |       |     6 |       |     9 |    19 |       ||    34
       Potion            |       |     1 |     3 |     2 |     5 |       ||    11
 Stab: Distracted        |       |       |       |       |     1 |       ||     1
Armor: Scale mail        |    48 |    31 |    31 |       |       |       ||   110
       Plate armour      |       |       |    55 |   155 |   162 |    59 ||   431
       Chain mail        |       |       |       |    64 |   222 |       ||   286
       Skin              |       |       |       |       |     2 |       ||     2
Dodge: Dodged            |    34 |    34 |    85 |   107 |   214 |    45 ||   519
Block: Buckler           |    19 |    15 |    59 |   143 |   464 |    71 ||   771
       Reflection        |       |       |       |       |    66 |     1 ||    67
